 Dungeon Crawl Stone Soup version 0.30-a0-737-gf23d94013f (webtiles) character file.

Game seed: 10444856027448432126

15441 mopl the Skirmisher (level 12, 0/106 HPs)
             Began as a Minotaur Hunter on Feb 2, 2023.
             Was a High Priest of Okawaru.
             Slain by a komodo dragon (21 damage)
             ... on level 1 of the Lair of Beasts.
             The game lasted 00:22:45 (13803 turns).

mopl the Skirmisher (Minotaur Hunter)              Turns: 13803, Time: 00:22:46

Health: 0/106      AC: 17    Str: 25    XL:     12   Next: 1%
Magic:  14/15      EV: 22    Int:  6    God:    Okawaru [*****.]
Gold:   903        SH:  0    Dex: 13    Spells: 11/11 levels left

rFire   + . .      SeeInvis .    a - +0 shortbow
rCold   . . .      Faith    +    (shield currently unavailable)
rNeg    . . .      Spirit   .    z - +2 ring mail {rF+}
rPois   +          Reflect  .    (helmet restricted)
rElec   .          Harm     .    N - +0 cloak
rCorr   .          Rampage  .    n - +2 pair of gloves {Str+3}
Will    .....                    A - +0 pair of boots
Stlth   ++                       y - amulet of faith {!P}
HPRegen 0.37/turn                P - ring of poison resistance
MPRegen 0.14/turn                I - +5 ring of evasion

@: heroic
A: horns 2, retaliatory headbutt
a: Renounce Religion, Heroism, Finesse, Duel


You were on level 1 of the Lair of Beasts.
You worshipped Okawaru.
Okawaru was extremely pleased with you.
You visited 3 branches of the dungeon, and saw 13 of its levels.
You also visited: Bailey.

You collected 903 gold pieces.

Inventory:

Hand Weapons
 a - a +0 shortbow (weapon)
 b - a +2 dagger of venom
Missiles
 E - a curare-tipped dart
 Y - 2 throwing nets
Armour
 n - a +2 pair of gloves of strength (worn)
 o - a +1 robe of resistance
 z - a +2 ring mail of fire resistance (worn)
 A - a +0 pair of boots (worn)
 N - a +0 cloak (worn)
 S - a +0 crystal plate armour
Jewellery
 x - a ring of protection from fire
 y - an amulet of faith (around neck) {!P}
 C - a +6 ring of dexterity
 I - a +5 ring of evasion (right hand)
 M - a ring of protection from fire
 P - a ring of poison resistance (left hand)
Wands
 p - a wand of digging (5)
 q - a wand of flame (13)
 u - a wand of polymorph (9)
 X - a wand of iceblast (2)
Scrolls
 c - 3 scrolls of identify
 d - 3 scrolls of blinking {unknown}
 e - 2 scrolls of acquirement {unknown}
 f - 5 scrolls of enchant armour
 g - 2 scrolls of noise {unknown}
 i - a scroll of torment {unknown}
 j - 3 scrolls of amnesia {unknown}
 l - 2 scrolls of silence {unknown}
 m - 2 scrolls of immolation
 r - 5 scrolls of enchant weapon {unknown}
 s - a scroll of summoning {unknown}
 t - 2 scrolls of fog {unknown}
 v - 5 scrolls of teleportation {unknown}
 D - 6 scrolls of vulnerability
 F - 2 scrolls of magic mapping {unknown}
Potions
 h - 4 potions of brilliance
 k - 2 potions of magic
 w - 5 potions of curing
 H - 2 potions of haste
 K - a potion of invisibility
 Q - a potion of heal wounds
 W - a potion of lignification {!q}


   Skills:
 + Level 10.0(15.0) Fighting
 * Level 13.1(18.1) Ranged Weapons
 + Level 9.6(14.6) Armour
 + Level 9.1(14.1) Dodging
 - Level 0.7(5.7) Stealth
 + Level 5.6 Invocations
 + Level 5.1 Evocations


You had 11 spell levels left.
You didn't know any spells.
Your spell library contained the following spells:

 Spells                   Type           Power      Damage    Failure   Level
 Apportation              Tloc           0%         N/A       54%         1
 Freeze                   Ice            0%         1d3       54%         1
 Blink                    Tloc           0%         N/A       69%         2
 Scorch                   Fire           0%         2d5       69%         2
 Sublimation of Blood     Necr           0%         N/A       69%         2
 Wereblood                Tmut           0%         N/A       69%         2
 Frozen Ramparts          Ice            0%         1d1       89%         3
 Hailstorm                Conj/Ice       0%         3d3       89%         3
 Flame Wave               Conj/Fire      0%         2d4       100%        4
 Manifold Assault         Tloc           0%         N/A       100%        4
 Alistair's Intoxication  Tmut/Pois      0%         N/A       100%        5
 Orb of Destruction       Conj           0%         9d5       100%        7
 Storm Form               Tmut/Air       0%         N/A       100%        7
 Summon Guardian Golem    Hex/Summ       Unusable   N/A       N/A         3
 Summon Cactus Giant      Summ           Unusable   N/A       N/A         6
 Spellforged Servitor     Conj/Summ      Unusable   N/A       N/A         7
 Summon Hydra             Summ           Unusable   N/A       N/A         7

Dungeon Overview and Level Annotations

Branches:
Dungeon (10/15)            Temple (1/1) D:6            Lair (2/5) D:10
 Bailey (visited)
  Swamp: Lair:2-3    Shoals: Lair:2-3     Snake: Lair:2-3    Spider: Lair:2-3
    Orc: D:9-12

Altars:
Ashenzari
Cheibriados
Dithmenos
Elyvilon
Fedhas
Gozag
Hepliaklqana
Kikubaaqudgha
Makhleb
Nemelex Xobeh
Okawaru
Qazlal
Ru
Sif Muna
Trog
Vehumet
Wu Jian
Xom
Yredelemnul
The Shining One

Portals:
Abyss: D:7

Annotations:
D:6 dig
D:7 2 transporters, DEFE's ghost, novice DsWn
D:8 2 transporters, caveywoolpert's ghost, novice GrEE
D:9 2 transporters, kae's ghost, novice DsTm


Innate Abilities, Weirdness & Mutations

You have a pair of horns on your head.
You reflexively headbutt those who attack you in melee.


Message History

You have reached level 12!
You feel stronger.
You climb upwards.
You have turned to stone.
The komodo dragon bites you!! The komodo dragon bites you.
The komodo dragon bites you. The komodo dragon bites you!
The komodo dragon bites you!! x2
* * * LOW HITPOINT WARNING * * *
The komodo dragon bites you!!
* * * LOW HITPOINT WARNING * * *
The komodo dragon bites you but does no damage.
The komodo dragon bites you!!
* * * LOW HITPOINT WARNING * * *
You turn to flesh and can move again.
There is a stone staircase leading down here.
You feel much better. The komodo dragon misses you. You furiously retaliate!
You headbutt the komodo dragon!
Fire: a) +0 shortbow
Press: ? - help, Q - select action, (/) - cycle Shift-Dir - straight line, f - komodo dragon
Aim: a komodo dragon (moderately wounded, 78% to hit)
You shoot an arrow. The arrow hits the komodo dragon!
The komodo dragon is heavily wounded.
The komodo dragon barely misses you.
Unknown command.
Fire: a) +0 shortbow
Press: ? - help, Q - select action, (/) - cycle Shift-Dir - straight line, f/p - komodo dragon
Aim: a komodo dragon (heavily wounded, 78% to hit)
You shoot an arrow.
The arrow barely misses the komodo dragon.
The komodo dragon bites you!
* * * LOW HITPOINT WARNING * * *
Unknown command.
Fire: a) +0 shortbow
Press: ? - help, Q - select action, (/) - cycle Shift-Dir - straight line, f/p - komodo dragon
Aim: a komodo dragon (heavily wounded, 78% to hit)
You shoot an arrow.
The arrow barely misses the komodo dragon.
The komodo dragon bites you!!
You die...

##.#.#........# #.......
##...........P####......
#...#.........P# #......
##.##..........######.##
#.##............# ####
##:##..........## ##.
#####.........# #..
#........### ####..
#P.@....## #.....
###.l..## #..... #....##
##.... ##.### #.... ###
#.... ##... ###. ##


You could see a komodo dragon.

Vanquished Creatures
  3 two-headed ogres (D:8)
  2 death yaks (Lair:1)
  A skeletal warrior (D:8)
  Pikel (D:3)
  A deep elf pyromancer (D:8)
  A black mamba (Lair:1)
  Maggie (D:10)
  2 cane toads
  A komodo dragon (Lair:1)
  A troll (D:9)
  A hornet (D:10)
  5 yaks (Lair:1)
  4 wyverns
  A basilisk (D:10)
  A steam dragon (D:6)
  5 vampire mosquitoes
  5 water moccasins
  13 orc warriors
  A sky beast (D:8)
  3 black bears
  15 centaurs
  An ogre (D:6)
  3 wolves (D:10)
  A phantom (D:6)
  A kobold brigand (D:9)
  A bullfrog (Lair:1)
  Blork the orc (D:6)
  2 gnoll sergeants
  3 necrophages
  3 scorpions
  18 wights
  8 killer bees
  8 howler monkeys
  A quasit (D:5)
  4 jellies
  2 gnoll boudas
  4 hounds (D:4)
  An iguana (D:6)
  3 orc priests
  Natasha (thrice) (D:2)
  7 orc wizards
  23 gnolls
  7 adders
  6 shadow imps
  5 white imps (D:5)
  2 ufetubi (D:5)
  3 worms
  5 dart slugs
  60 orcs
  7 bats
  9 endoplasms
  4 giant cockroaches
  4 hobgoblins
  10 jackals (D:4)
  16 kobolds
  3 quokkas
  2 ball pythons (D:1)
  A frilled lizard (D:3)
  8 goblins
  4 rats
322 creatures vanquished.

Vanquished Creatures (others)
  5 demonic plants (D:5)
  5 fungi
  17 plants
27 creatures vanquished.

Grand Total: 349 creatures vanquished

Notes
Turn   | Place    | Note
-------+----------+-------------------------------------------
     0 | D:1      | mopl the Minotaur Hunter began the quest for the Orb.
     0 | D:1      | Reached XP level 1. HP: 18/18 MP: 0/0
   268 | D:1      | Reached XP level 2. HP: 25/25 MP: 1/1
   344 | D:1      | Reached skill level 1 in Armour
   672 | D:2      | Reached XP level 3. HP: 27/30 MP: 2/2
   681 | D:1      | Reached skill level 3 in Fighting
   769 | D:2      | Found a faded altar of an unknown god.
   797 | D:2      | Prayed at the altar of an unknown god.
   797 | D:2      | Became a worshipper of Sif Muna the Loreminder
   797 | D:2      | Reached * piety under Sif Muna
   798 | D:2      | Fell from the grace of Sif Muna
   870 | D:2      | Reached skill level 5 in Ranged Weapons
  1161 | D:2      | Reached XP level 4. HP: 32/38 MP: 3/3
  1261 | D:2      | Noticed Natasha
  1265 | D:2      | Killed Natasha
  1266 | D:2      | Reached skill level 2 in Armour
  1266 | D:2      | Reached skill level 3 in Dodging
  1433 | D:2      | Noticed Natasha
  1438 | D:2      | Killed Natasha
  1504 | D:2      | Noticed Natasha
  1513 | D:2      | Killed Natasha
  1514 | D:2      | Reached XP level 5. HP: 45/45 MP: 4/4
  2387 | D:4      | Found a glowing golden altar of the Shining One.
  2537 | D:4      | Reached skill level 6 in Ranged Weapons
  2543 | D:4      | Reached skill level 4 in Fighting
  2543 | D:4      | Reached skill level 3 in Armour
  2543 | D:4      | Reached XP level 6. HP: 52/52 MP: 5/5
  2881 | D:4      | Noticed Pikel
  2887 | D:4      | Reached skill level 4 in Dodging
  3019 | D:3      | Killed Pikel
  3020 | D:3      | Reached skill level 5 in Fighting
  3020 | D:3      | Reached skill level 7 in Ranged Weapons
  3020 | D:3      | Reached skill level 4 in Armour
  3020 | D:3      | Reached XP level 7. HP: 12/61 MP: 6/6
  3464 | D:4      | HP: 3/61 [gnoll sergeant/+0 trident (8)]
  3708 | D:4      | Reached skill level 5 in Dodging
  3734 | D:4      | Reached XP level 8. HP: 55/69 MP: 7/7
  4312 | D:4      | Found an opulent altar of Gozag.
  4312 | D:4      | Found a stormy altar of Qazlal.
  4320 | D:4      | Found a blossoming altar of Fedhas.
  4322 | D:4      | Found a basalt altar of Yredelemnul.
  4323 | D:4      | Found an ornate altar of the Wu Jian Council.
  4329 | D:4      | Found a sacrificial altar of Ru.
  4330 | D:4      | Found a bloodstained altar of Trog.
  4367 | D:4      | Reached skill level 8 in Ranged Weapons
  4874 | D:5      | Entered Level 5 of the Dungeon
  4887 | D:4      | Reached skill level 5 in Armour
  5225 | D:5      | HP: 2/70 [poisoned by an orc]
  5436 | D:5      | Found a burning altar of Makhleb.
  5475 | D:5      | Reached skill level 6 in Fighting
  5882 | D:5      | Reached skill level 9 in Ranged Weapons
  6392 | D:6      | Noticed Blork the orc
  6405 | D:6      | Killed Blork the orc
  6406 | D:6      | Reached skill level 6 in Dodging
  6456 | D:6      | Reached skill level 6 in Armour
  6480 | D:6      | Reached XP level 9. HP: 78/78 MP: 8/8
  6678 | D:6      | Found a shimmering altar of Xom.
  6752 | D:6      | Was forgiven by Sif Muna
  6979 | D:6      | Reached skill level 7 in Fighting
  7058 | D:6      | Found a staircase to the Ecumenical Temple.
  7078 | Temple   | Entered the Ecumenical Temple
  7095 | Temple   | Became a worshipper of Warmaster Okawaru
  7457 | D:7      | Reached skill level 1 in Invocations
  7459 | D:7      | Reached skill level 10 in Ranged Weapons
  7459 | D:7      | Reached skill level 1 in Evocations
  7700 | D:7      | Found a sparkling altar of Nemelex Xobeh.
  7756 | D:7      | Found a transporter.
  7766 | D:7      | Noticed a purple ugly thing
  7827 | D:7      | Noticed a wizard
  7838 | D:7      | Found a one-way gate to the infinite horrors of the Abyss.
  7852 | D:7      | Found a transporter.
  7855 | D:7      | Noticed DEFE's ghost (novice DsWn)
  8317 | D:7      | Reached * piety under Okawaru
  8515 | D:8      | Found a transporter.
  8515 | D:8      | Found a transporter.
  8520 | D:8      | Noticed caveywoolpert's ghost (novice GrEE)
  8529 | D:8      | Noticed a queen bee
  8588 | D:8      | Reached skill level 7 in Armour
  8614 | D:8      | Reached skill level 2 in Invocations
  8682 | D:8      | Reached skill level 2 in Evocations
  8721 | D:8      | Noticed a two-headed ogre
  8739 | D:8      | Killed a two-headed ogre
  8739 | D:8      | Reached ** piety under Okawaru
  8740 | D:8      | Reached skill level 7 in Dodging
  8740 | D:8      | Reached XP level 10. HP: 88/88 MP: 7/10
  8997 | D:8      | Noticed a two-headed ogre
  9012 | D:8      | Killed a two-headed ogre
  9013 | D:8      | Reached skill level 8 in Fighting
  9197 | D:8      | Reached skill level 3 in Invocations
  9235 | D:8      | Noticed a skeletal warrior
  9239 | D:8      | Reached skill level 11 in Ranged Weapons
  9239 | D:8      | Noticed a two-headed ogre
  9253 | D:8      | Killed a skeletal warrior
  9254 | D:8      | Reached skill level 3 in Evocations
  9256 | D:8      | Killed a two-headed ogre
  9256 | D:8      | Reached *** piety under Okawaru
  9257 | D:8      | Reached skill level 8 in Armour
  9276 | D:8      | Noticed a deep elf pyromancer
  9298 | D:8      | Killed a deep elf pyromancer
  9718 | D:9      | Reached skill level 8 in Dodging
  9721 | D:9      | Reached skill level 4 in Invocations
  9729 | D:9      | Received a gift from Okawaru
  9821 | D:9      | Found a transporter.
  9844 | D:9      | Noticed a manticore
  9859 | D:9      | Found a transporter.
  9901 | D:9      | Reached XP level 11. HP: 73/95 MP: 13/13
  9984 | D:9      | Reached **** piety under Okawaru
 10066 | D:9      | Reached skill level 9 in Fighting
 10164 | D:9      | Noticed kae's ghost (novice DsTm)
 10193 | D:10     | Entered Level 10 of the Dungeon
 10202 | D:10     | Reached skill level 4 in Evocations
 10208 | D:10     | Reached skill level 12 in Ranged Weapons
 10290 | D:10     | Found a staircase to the Lair.
 10355 | D:10     | Found a flagged portal.
 10373 | Bailey   | Entered a bailey
 11386 | Bailey   | Reached skill level 9 in Armour
 11529 | Bailey   | Reached skill level 5 in Invocations
 11599 | Bailey   | Identified the +5 triple sword "Ina Xuer" {vamp, *Slow rN+
                  | Str+10}
 11863 | D:10     | Noticed Maggie
 11886 | D:10     | Killed Maggie
 12298 | Lair:1   | Entered Level 1 of the Lair of Beasts
 12583 | Lair:1   | Found a glowing golden altar of the Shining One.
 12771 | Lair:1   | Reached ***** piety under Okawaru
 12772 | Lair:1   | Reached skill level 5 in Evocations
 13368 | Lair:2   | Noticed a death yak
 13368 | Lair:2   | Noticed a death yak
 13368 | Lair:2   | Noticed a death yak
 13368 | Lair:2   | Noticed a death yak
 13368 | Lair:2   | Noticed a death yak
 13368 | Lair:2   | Noticed a death yak
 13401 | Lair:1   | Killed a death yak
 13402 | Lair:1   | Reached skill level 13 in Ranged Weapons
 13402 | Lair:1   | Reached skill level 9 in Dodging
 13658 | Lair:1   | Killed a death yak
 13790 | Lair:2   | Reached skill level 10 in Fighting
 13790 | Lair:2   | Reached XP level 12. HP: 62/106 MP: 12/15
 13799 | Lair:1   | HP: 3/106 [komodo dragon (9)]
 13803 | Lair:1   | Slain by a komodo dragon

Illustrated notes

Levels and vault maps discovered:
D:1:      tarquinn_simple_flora_water_d, layout_loops_ring
D:2:      layout_loops_ring, hellmonk_ecumenical_altar_run_dry, uniq_natasha
D:3:      layout_basic, small_statue_alley_b
D:4:      lemuel_castle_with_subvaults [lemuel_castle_interior_carwin_1],
          layout_rooms, nicolae_overflow_hallway_of_the_gods,
          nicolae_tso_carved_into_rock, uniq_pikel
D:5:      layout_basic, general_overflow_altar, serial_demonic,
          serial_demonic_f, serial_demonic_g, serial_demonic_b,
          serial_demonic_f, serial_demonic_a, serial_demonic_d, serial_demonic_a
D:6:      cheibrodos_quashed, layout_cave_pools, kennysheep_little_box,
          minmay_temple_entry_offerings, uniq_blork_the_orc
D:7:      layout_basic, nemelex_spade_bored_becter,
          gammafunk_ghost_abyssal_escape
D:8:      minmay_slanted_spiral_squares, layout_basic, gammafunk_ghost_hive
D:9:      layout_rooms, nzn_ghost_randoct
D:10:     minmay_klotski, layout_grid_maze, minmay_lair_entry_grove,
          enter_bailey_5, uniq_maggie
Temple:   nicolae_temple_ecumenical_triangle
Lair:1:   layout_cave_pods, basic_altar, grunt_megastairs_4,
          infiniplex_staircase_pool_2
Lair:2:   layout_hall_layers, nicolae_shoals_entry_flooding,
          gammafunk_ghost_hydra_chop, st_stairs_10, serial_bayou_pond_b,
          chequers_serial_rivers_micro_e, fungi_pond_lemuel,
          serial_bayou_shore_b

Skill      XL: |  1  2  3  4  5  6  7  8  9 10 11 |
---------------+----------------------------------+-----
Armour         | 1 2 3 4 6 7 8 9 |  9.6
Fighting       | 3 4 5 6 7 8 10 | 10.0
Ranged Weapons | 5 6 7 9 10 11 13 | 13.1
Dodging        | 3 4 5 6 7 8 9 |  9.1
Invocations    | 2 4 5 |  5.6
Evocations     | 2 3 5 |  5.1
Stealth        | |  0.7

Action                     |  1- 3 |  4- 6 |  7- 9 | 10-12 || total
---------------------------+-------+-------+-------+-------++-------
  Melee: Unarmed           |       |     3 |       |       ||     3
         Short sword       |       |    12 |     3 |       ||    15
         Headbutt          |       |     2 |     1 |     1 ||     4
         Dagger            |       |       |     6 |       ||     6
         Shortbow          |       |       |     1 |       ||     1
         Trident           |       |       |       |    10 ||    10
   Fire: Shortbow          |    95 |   194 |   546 |   876 ||  1711
 Invoke: Renounce Religion |     1 |       |       |       ||     1
         Heroism           |       |       |     1 |    15 ||    16
  Evoke: Wand              |       |     2 |     1 |       ||     3
    Use: Potion            |       |     3 |     2 |     2 ||     7
         Scroll            |       |       |     5 |     4 ||     9
 Armour: Ring mail         |    20 |    19 |    89 |   135 ||   263
         Skin              |       |     1 |       |       ||     1
         Chain mail        |       |       |    43 |       ||    43
  Dodge: Dodged            |    33 |    55 |   265 |   566 ||   919

Table legend: (Time is in decaauts)
 A = Elapsed time spent in this place.
 B = Non-inter-level travel time spent in this place.
 C = Inter-level travel time spent in this place.
 D = Time resting spent in this place.
 E = Time spent auto-exploring this place.
 F = Levels seen in this place.
 G = Mean time per level.
                   A        B        C        D        E       F      G
               +--------+--------+--------+--------+--------+-----+--------+
         Total |  13938 |  13401 |    537 |   2744 |   7218 |  14 |  995.6 |
       Dungeon |  11003 |  10589 |    414 |   1848 |   6130 |  10 | 1100.3 |
        Temple |     26 |     17 |      9 |      0 |     11 |   1 |   26.0 |
          Lair |   1485 |   1372 |    113 |    360 |    806 |   2 |  742.5 |
        Bailey |   1422 |   1422 |      0 |    535 |    270 |   1 | 1422.0 |
               +--------+--------+--------+--------+--------+-----+--------+

Top non-repeatable levels by time:
     D:4: 1940 daAuts
     D:5: 1735 daAuts
     D:3: 1574 daAuts
  Lair:1: 1459 daAuts
  Bailey: 1422 daAuts
     D:8: 1256 daAuts
     D:7: 1096 daAuts
     D:2: 849 daAuts
     D:1: 720 daAuts
     D:6: 678 daAuts
    D:10: 608 daAuts
     D:9: 542 daAuts
  Temple: 26 daAuts
  Lair:2: 25 daAuts
